 Dungeon Crawl Stone Soup version 0.28-a0-1143-gcf6077d4cc (webtiles) character file.

Game seed: 10857903675251720664

7405 joejoepie the Grappler (level 10, -1/96 HPs)
             Began as a Troll Berserker on Dec 13, 2021.
             Was an Elder of Trog.
             Slain by a wyvern (5 damage)
             ... on level 9 of the Dungeon.
             The game lasted 00:27:15 (8102 turns).

joejoepie the Grappler (Troll Berserker)            Turns: 8102, Time: 00:27:15

Health: -1/96      AC:  9    Str: 29 (31) XL:     10   Next: 92%
Magic:  9/9        EV: 14    Int:  1 (3)  God:    Trog [****..]
Gold:   8          SH:  0    Dex: 21      Spells: 9/9 levels left

rFire   . . .      SeeInvis .     - Unarmed
rCold   + . .      Faith    .   (no shield)
rNeg    . . .      Spirit   .   a - +2 animal skin
rPois   .          Reflect  .   (helmet restricted)
rElec   .          Harm     .   t - +0 cloak of the Saviour {Dex+6}
rCorr   .          Rampage  .   (gloves unavailable)
Will    +....                   (boots unavailable)
Stlth   ++........              (no amulet)
HPRegen 1.06/turn               h - ring of Autumn {rF+ Will+ Dex+6}
MPRegen 0.11/turn               k - ring of ice

@: unable to read
A: large, unfitting armour, claws 3, regeneration 1, shaggy fur 1, tough skin 1,
iridescent scales 1, inability to read while threatened
a: Renounce Religion, Berserk, Trog's Hand, Brothers in Arms


You were on level 9 of the Dungeon.
You worshipped Trog.
Trog was greatly pleased with you.
You visited 2 branches of the dungeon, and saw 10 of its levels.

You collected 481 gold pieces.
You spent 473 gold pieces at shops.

Inventory:

Armour
 a - a +2 animal skin (worn)
 j - a +0 kite shield
 t - the +0 cloak of the Saviour (worn) {Dex+6}
   (You bought it in a shop on level 9 of the Dungeon)

   Dex:       It affects your dexterity (+6).
Jewellery
 d - a ring of positive energy
 g - a +6 ring of intelligence
 h - the ring of Autumn (left claw) {rF+ Will+ Dex+6}
   (You took it off a gnoll on level 5 of the Dungeon)

   [ring of dexterity]

   Dex:       It affects your dexterity (+6).
   rF:        It protects you from fire.
   Will:      It increases your willpower.
 k - a ring of ice (right claw)
 q - an amulet of faith
Wands
 e - a wand of flame (21)
 r - a wand of charming (7)
Scrolls
 b - 8 scrolls of identify
 f - 5 scrolls of teleportation
 i - 2 scrolls of enchant armour
 l - 2 scrolls of magic mapping
 o - a scroll of fog
 p - 2 scrolls of fear
 s - a scroll of summoning
Potions
 c - 4 potions of curing
 m - a potion of resistance
 n - a potion of magic {unknown}


   Skills:
 + Level 5.4 Fighting
 + Level 7.1 Dodging
 + Level 1.7 Stealth
 + Level 13.5 Unarmed Combat


You had 9 spell levels left.
You didn't know any spells.
Your spell library was empty.

Dungeon Overview and Level Annotations

Branches:
Dungeon (9/15)             Temple (1/1) D:7            Lair (0/6) D:9
    Orc: D:9-12

Altars:
Ashenzari
Cheibriados
Fedhas
Gozag
Hepliaklqana
Makhleb
Ru
Trog
Uskayaw
Vehumet
Wu Jian
Xom
The Shining One

Shops:
D:5 (   D:7 ?   D:9 *(?[

Annotations:
D:6 1 runed translucent door, bjarki66's ghost, novice TeFE


Innate Abilities, Weirdness & Mutations

You are too large for most types of armour.
You have claws for hands.
Your natural rate of healing is unusually fast.
You are covered in fur. (AC +1)
You have tough skin. (AC +1)
You are partially covered in iridescent scales. (AC +2)
You sometimes lose the ability to read scrolls when taking damage.


Message History

A centaur comes into view.
The centaur wields a +0 shortbow.
The centaur shoots an arrow.
The arrow hits you.
There is an open door here.
A wyvern and an ugly thing come into view.
The wyvern hisses angrily.
The centaur unwields a +0 shortbow.
The centaur hits you. The centaur closely misses you.
You mangle the centaur!!
You kill the centaur!
Trog accepts your kill. The red ugly thing tail-slaps you.
You are engulfed in flames!!
You feel your dexterity returning.
Found an encrusted ivory wand and a great sword.
The wyvern misses you. The wyvern completely misses you.
The red ugly thing tail-slaps you but does no damage.
Things that are here:
a +0 shortbow; 17 arrows; a centaur corpse The wyvern closely misses you.
The red ugly thing tail-slaps you but does no damage.
You see here a +0 robe.
You mangle the red ugly thing!!
The red ugly thing is heavily wounded.
The wyvern misses you. The wyvern bites you!
The red ugly thing barely misses you. The wyvern closely misses you.
Things that are here:
a +0 shortbow; 17 arrows; a centaur corpse The red ugly thing tail-slaps you!
You feel threatened and lose the ability to read scrolls!
You are engulfed in flames!!
You mangle the red ugly thing!!
The red ugly thing is almost dead.
The wyvern bites you but does no damage.
The red ugly thing tail-slaps you!
* * * LOW HITPOINT WARNING * * *
You are engulfed in flames!!
* * * LOW HITPOINT WARNING * * *
The wyvern bites you.
You die...

#.# #........#................
#.## #.......###...............
#..# #......##$##[.....∩.......
##.# #.......#.#....(..........
...# #....#.##.##.#....[.......
#### #...####...####...........
#..##)...[.../##..........
#...####ul.####...........
#####....#.##@##.#.)..........
#.....).....'.#......(........
####.###......##)##........≈≈.(..
...............###.........≈≈....
................#..........≈≈....
.......#...................≈≈....
......................####.≈≈.###
......#...............#♣♣♣.≈≈[♣♣♣
......................#♣...≈≈...♣


You could see a red ugly thing and a wyvern.

Vanquished Creatures
  A two-headed ogre (D:8)
  3 death yaks (D:8)
  Pikel (D:7)
  Joseph (D:7)
  Maggie (D:7)
  A troll (D:9)
  A wyvern (D:9)
  4 yaks (D:8)
  A water moccasin (D:8)
  3 sky beasts
  An ice beast (D:6)
  A black bear (D:5)
  3 orc warriors
  An ogre (D:4)
  2 necrophages
  3 centaurs
  2 phantoms
  4 lemures (D:7)
  2 kobold brigands
  2 bullfrogs
  2 wyvern zombies (D:7)
  2 scorpions
  A wyvern skeleton (D:7)
  4 killer bees
  An electric eel (D:9)
  2 centaur zombies
  2 jellies (D:7)
  3 bullfrog zombies
  2 orc priests
  A gnoll shaman (D:5)
  3 hounds
  6 orc wizards
  3 iguanas
  A killer bee zombie (D:6)
  2 howler monkey zombies (D:9)
  13 gnolls (D:5)
  An adder (D:4)
  2 adder skeletons (D:4)
  3 worms
  2 dart slugs
  25 orcs
  10 ball pythons
  5 bats
  9 endoplasms
  6 giant cockroaches
  13 goblins
  5 hobgoblins
  7 jackals
  21 kobolds
  3 quokkas
  6 frilled lizards
  5 rats
209 creatures vanquished.

Vanquished Creatures (others)
  7 plants (D:7)
7 creatures vanquished.

Grand Total: 216 creatures vanquished

Notes
Turn   | Place    | Note
-------+----------+-------------------------------------------
     0 | D:1      | joejoepie the Troll Berserker began the quest for the Orb.
     0 | D:1      | Reached XP level 1. HP: 22/22 MP: 0/0
    86 | D:1      | Reached XP level 2. HP: 29/29 MP: 1/1
   415 | D:1      | Reached XP level 3. HP: 36/36 MP: 2/2
   819 | D:2      | Reached ** piety under Trog
   877 | D:2      | Found a faded altar of an unknown god.
   969 | D:2      | Reached skill level 4 in Unarmed Combat
  1005 | D:2      | Found a radiant altar of Vehumet.
  1369 | D:2      | Reached XP level 4. HP: 44/44 MP: 3/3
  1985 | D:3      | Reached *** piety under Trog
  2458 | D:4      | Reached XP level 5. HP: 52/52 MP: 4/4
  2529 | D:4      | Noticed a sky beast
  2594 | D:5      | Entered Level 5 of the Dungeon
  2622 | D:5      | Reached skill level 5 in Unarmed Combat
  2716 | D:5      | Noticed a black bear
  2727 | D:5      | Killed a black bear
  2728 | D:5      | Reached XP level 6. HP: 41/61 MP: 5/5
  2921 | D:5      | Reached skill level 6 in Unarmed Combat
  2989 | D:5      | Found Jeekiolo's Antique Weapon Shop.
  3043 | D:5      | Reached XP level 7. HP: 67/67 MP: 6/6
  3043 | D:5      | Identified the ring of Autumn {rF+ Will+ Dex+6}
  3242 | D:5      | Found a shimmering altar of Xom.
  3248 | D:5      | Found a snail-covered altar of Cheibriados.
  3251 | D:5      | Found a broken altar of Ashenzari.
  3289 | D:5      | Reached skill level 7 in Unarmed Combat
  3760 | D:4      | Reached XP level 8. HP: 77/78 MP: 7/7
  3832 | D:4      | Gained mutation: You sometimes lose the ability to read
                  | scrolls when taking damage. [potion of mutation]
  3832 | D:4      | Gained mutation: You are partially covered in iridescent
                  | scales. (AC +2) [potion of mutation]
  3882 | D:4      | Reached skill level 8 in Unarmed Combat
  3884 | D:4      | Reached **** piety under Trog
  4353 | D:6      | Reached skill level 1 in Stealth
  4623 | D:6      | Reached skill level 9 in Unarmed Combat
  4935 | D:6      | Reached skill level 5 in Dodging
  5008 | D:6      | Found a runed translucent door.
  5010 | D:6      | Noticed bjarki66's ghost (novice TeFE)
  5305 | D:7      | Noticed Joseph
  5319 | D:7      | Killed Joseph
  5320 | D:7      | Reached XP level 9. HP: 63/85 MP: 8/8
  5411 | D:7      | Noticed Pikel
  5433 | D:7      | Killed Pikel
  5434 | D:7      | Reached skill level 10 in Unarmed Combat
  5719 | D:7      | Found a staircase to the Ecumenical Temple.
  5800 | D:7      | Noticed Maggie
  5833 | Temple   | Entered the Ecumenical Temple
  5882 | D:7      | Killed Maggie
  5883 | D:7      | Reached skill level 11 in Unarmed Combat
  6045 | D:7      | Found Ruklyvul's Magic Scroll Emporium.
  6048 | D:7      | Bought a scroll of enchant armour for 97 gold pieces
  6583 | D:8      | Reached skill level 5 in Fighting
  7222 | D:9      | Found Tiet's Assorted Antiques.
  7243 | D:9      | Reached XP level 10. HP: 70/96 MP: 9/9
  7243 | D:9      | Noticed a death yak
  7297 | D:9      | Noticed a death yak
  7297 | D:9      | Noticed a death yak
  7305 | D:8      | Killed a death yak
  7306 | D:8      | Reached skill level 12 in Unarmed Combat
  7434 | D:8      | Killed a death yak
  7581 | D:8      | Killed a death yak
  7582 | D:8      | Reached skill level 13 in Unarmed Combat
  7610 | D:9      | Bought a scroll labelled JORAOT LEDWO for 30 gold pieces
  7610 | D:9      | Bought a coppery potion for 27 gold pieces
  7610 | D:9      | Bought a scroll labelled OSIDEN NOFFUIS for 30 gold pieces
  7728 | D:9      | Found Buumory's Antique Weapon Shop.
  7770 | D:9      | Found a glowing golden altar of the Shining One.
  7774 | D:9      | Found the +18 shield of the Gong {rElec rN+ Will+ EV-5}
  7863 | D:9      | Noticed a two-headed ogre
  7875 | D:8      | Killed a two-headed ogre
  7970 | D:9      | Found Foelew's Magic Scroll Emporium.
  7975 | D:9      | Found Ziegheqo's Armour Emporium.
  8024 | D:9      | Bought the +0 cloak of the Saviour {Dex+6} for 289 gold
                  | pieces
  8059 | D:9      | Found a staircase to the Lair.
  8095 | D:9      | Noticed a red ugly thing
  8102 | D:9      | HP: 4/96 [red ugly thing (22)]
  8102 | D:9      | Slain by a wyvern

Illustrated notes

Levels and vault maps discovered:
D:1:      minmay_arrival_three_doors, layout_loops_ring
D:2:      layout_loops_cross, basic_altar, hellmonk_ecumenical_altar_crossroads
D:3:      layout_basic, chequers_serial_rivers_large_a,
          minmay_fractal_squares_diagonal_5
D:4:      layout_cave_pods, eino_curves_03
D:5:      layout_basic, minmay_overflow_temple_star_quad, serial_shops, shop,
          minmay_misc_feat_roman, kennysheep_generic_room_15
D:6:      layout_loops_ring, ebering_ghost_inner_flame, hangedman_decor_push
D:7:      layout_loops_ring, minmay_temple_entry_gardened_gates, serial_shops,
          kennysheep_mini, serial_bayou_pond_e, uniq_pikel, uniq_joseph,
          uniq_maggie
D:8:      layout_loops_corners
D:9:      layout_basic, tso_metal_star, dpeg_lair_monsters, serial_shops, shop,
          nicolae_stop_n_shop_2, nicolae_wooded_promenade,
          minmay_fractal_squares_gapless_5
Temple:   mainiacjoe_temple_coin_purse

Skill      XL: |  1  2  3  4  5  6  7  8  9 10 |
---------------+-------------------------------+-----
Unarmed Combat | 4 5 6 7 9 11 13 | 13.5
Dodging        | 3 4 5 7 |  7.1
Fighting       | 3 4 5 |  5.4
Stealth        | 1 |  1.7

Action                   |  1- 3 |  4- 6 |  7- 9 | 10-12 || total
-------------------------+-------+-------+-------+-------++-------
Melee: Unarmed           |   130 |   150 |   276 |    64 ||   620
       Punch             |       |     4 |     7 |     7 ||    18
Invok: Berserk           |       |     1 |     3 |     2 ||     6
  Use: Potion            |     3 |       |     3 |     3 ||     9
       Scroll            |     1 |     3 |     5 |     4 ||    13
 Stab: Sleeping          |     1 |       |       |       ||     1
Armor: Animal skin       |    36 |    44 |    60 |    30 ||   170
Dodge: Dodged            |    64 |    70 |   100 |    46 ||   280

Table legend: (Time is in decaauts)
 A = Elapsed time spent in this place.
 B = Non-inter-level travel time spent in this place.
 C = Inter-level travel time spent in this place.
 D = Time resting spent in this place.
 E = Time spent auto-exploring this place.
 F = Levels seen in this place.
 G = Mean time per level.
                   A        B        C        D        E       F      G
               +--------+--------+--------+--------+--------+-----+--------+
         Total |   8059 |   7775 |    284 |    403 |   5116 |  10 |  805.9 |
       Dungeon |   8017 |   7733 |    284 |    403 |   5116 |   9 |  890.8 |
        Temple |     41 |     41 |      0 |      0 |      0 |   1 |   41.0 |
               +--------+--------+--------+--------+--------+-----+--------+

Top non-repeatable levels by time:
     D:8: 1303 daAuts
     D:7: 1020 daAuts
     D:6: 974 daAuts
     D:4: 974 daAuts
     D:5: 929 daAuts
     D:3: 830 daAuts
     D:1: 809 daAuts
     D:2: 723 daAuts
     D:9: 452 daAuts
  Temple: 41 daAuts
